 Dungeon Crawl Stone Soup version 0.30-a0-777-ga9a30cbeda (webtiles) character file.

Game seed: 11632116296558939082

891 FalseProphet the Chopper (level 7, 0/56 HPs)
             Began as a Demonspawn Gladiator on Feb 14, 2023.
             Slain by a phantom (1 damage)
             ... on level 6 of the Dungeon.
             The game lasted 00:10:06 (5737 turns).

FalseProphet the Chopper (Demonspawn Gladiator)     Turns: 5737, Time: 00:10:06

Health: 0/56       AC:  5    Str: 16    XL:     7   Next: 77%
Magic:  7/7        EV:  8    Int: 15    God:
Gold:   332        SH:  0    Dex: 14    Spells: 6/6 levels left

rFire   . . .      SeeInvis .    f - +0 hammer of the Bouncing Suns {pain, Int+5}
rCold   . . .      Faith    .    (no shield)
rNeg    . . .      Spirit   .    p - +0 chain mail
rPois   +          Reflect  .    c - +0 helmet
rElec   .          Harm     .    r - +1 cloak {rPois}
rCorr   .          Rampage  .    (no gloves)
Will    .....                    (no boots) Stlth
                                 (no amulet)
HPRegen 0.29/turn                (no ring)
MPRegen 0.10/turn                (no ring)

@: silenced, corroded
A: rugged brown scales 1, powered by pain 1
a: no special abilities


You were on level 6 of the Dungeon.
You visited 1 branch of the dungeon, and saw 6 of its levels.
You also visited: Sewer.

You collected 332 gold pieces.

Inventory:

Hand Weapons
 a - a +1 heavy war axe
 f - the +0 hammer of the Bouncing Suns (weapon) {pain, Int+5}
   (You found it on level 5 of the Dungeon)

   Int:       It affects your intelligence (+5).
 n - a +0 hand axe
Missiles
 d - 3 throwing nets (quivered)
 e - a javelin
Armour
 c - a +0 helmet (worn)
 p - a +0 chain mail (worn)
 r - a +1 cloak of poison resistance (worn)
Jewellery
 j - an amulet of magic regeneration
Wands
 l - a wand of flame (5)
Scrolls
 b - 4 scrolls of teleportation
 g - a scroll of identify
 i - a scroll of magic mapping
Potions
 h - 2 potions of attraction
 m - 3 potions of flight


   Skills:
 * Level 4.8 Fighting
 - Level 6.0 Axes
 + Level 2.1 Throwing
 + Level 3.4 Armour
 + Level 3.4 Dodging
 + Level 0.2 Stealth


You had 6 spell levels left.
You didn't know any spells.
Your spell library contained the following spells:

 Spells                   Type           Power      Damage    Failure   Level
 Foxfire                  Conj/Fire      0%         2x1d4     99%         1
 Portal Projectile        Hex/Tloc       0%         N/A       100%        3
 Tukima's Dance           Hex            0%         N/A       100%        3
 Vhi's Electric Charge    Tloc/Air       0%         N/A       100%        3
 Arcjolt                  Conj/Air       0%         1d10      100%        5
 Blade Hands              Tmut           0%         N/A       100%        5
 Fireball                 Conj/Fire      0%         3d3       100%        5
 Starburst                Conj/Fire      0%         6d3       100%        6
 Maxwell's Capacitive Co  Air            0%         ∞         100%        8


Dungeon Overview and Level Annotations

Branches:
Dungeon (6/15)              Sewer (visited)
 Temple: D:4-7

Altars:
Ashenzari
Cheibriados
Gozag
Vehumet


Innate Abilities, Weirdness & Mutations

You are partially covered in rugged brown scales. (AC +1, +3% HP)
You sometimes gain a little power by taking damage.


Message History

The jelly closely misses you. The jelly hits you but does no damage.
The jelly attacks as you move away! The jelly closely misses you.
The phantom attacks as you move away! The phantom hits you.
* * * LOW HITPOINT WARNING * * *
There is a stone staircase leading up here.
The phantom hits you.
* * * LOW HITPOINT WARNING * * *
The phantom blinks!
You blink.
You stop ascending the stairs.
Unknown command.
You hit the phantom but do no damage. The phantom barely misses you.
You barely miss the phantom. The phantom hits you.
* * * LOW HITPOINT WARNING * * *
The phantom blinks!
You blink.
You hit the phantom.
The phantom is lightly damaged.
The phantom barely misses you.
You hit the phantom but do no damage.
The phantom is lightly damaged.
The phantom hits you but does no damage.
You closely miss the phantom.
The phantom is lightly damaged.
The phantom barely misses you. The phantom closely misses you.
You hit the phantom but do no damage.
The phantom is lightly damaged.
The jelly hits you but does no damage. The phantom closely misses you.
You hit the jelly but do no damage.
Your hands burn!
* * * LOW HITPOINT WARNING * * *
The jelly is heavily wounded.
The jelly barely misses you. The phantom hits you.
* * * LOW HITPOINT WARNING * * *
The phantom blinks!
You blink.
The phantom hits you.
* * * LOW HITPOINT WARNING * * *
There is an escape hatch in the floor here.
Okay, then.
Okay, then.
As you read the scroll of silence, it crumbles to dust.
A profound silence engulfs you. The phantom hits you.
You die...

##......o......
#.................. ..#
........?...$..^..# ...
#......o....(......#........
#
###.##............##.......#
.# ##
..............#.......## ..#
##......##........#.....##..#
.......##...W....#....:....#
##..<......@...............#
#..#......../....#.....#
#...J.........<#
#..#..............#
..........#....)..#
#......§........###
#...#.........###
######..#....## #####.###


You could see a phantom and a jelly.

Vanquished Creatures
  A kobold brigand (Sewer)
  Blork the orc (D:5)
  A scorpion (D:5)
  2 hounds
  3 jellies
  A gnoll bouda (D:5)
  An orc priest (D:5)
  Crazy Yiuf (D:5)
  Ijyb (D:4)
  4 iguanas
  3 orc wizards
  Robin (D:4)
  A river rat (Sewer)
  6 adders
  3 gnolls (D:4)
  4 worms
  2 dart slugs
  13 orcs
  7 bats
  7 endoplasms
  5 giant cockroaches
  22 goblins
  5 hobgoblins
  8 jackals
  11 kobolds
  3 quokkas
  13 ball pythons
  4 frilled lizards
  11 rats
145 creatures vanquished.

Notes
Turn   | Place    | Note
-------+----------+-------------------------------------------
     0 | D:1      | FalseProphet the Demonspawn Gladiator began the quest for
                  | the Orb.
     0 | D:1      | Reached XP level 1. HP: 16/16 MP: 1/1
    28 | D:1      | Reached skill level 3 in Axes
    48 | D:1      | Gained mutation: You sometimes gain a little power by
                  | taking damage. [demonic ancestry]
    48 | D:1      | Reached XP level 2. HP: 21/22 MP: 2/2
   481 | D:1      | Found a faded altar of an unknown god.
   765 | D:1      | Reached XP level 3. HP: 27/27 MP: 3/3
  2239 | D:3      | Reached XP level 4. HP: 34/34 MP: 4/4
  2327 | D:3      | Reached skill level 4 in Axes
  2360 | D:3      | Found a snail-covered altar of Cheibriados.
  2558 | D:3      | Reached skill level 1 in Armour
  2613 | D:3      | Gained mutation: You are partially covered in rugged brown
                  | scales. (AC +1, +3% HP) [demonic ancestry]
  2613 | D:3      | Reached XP level 5. HP: 34/40 MP: 5/5
  2800 | D:4      | Noticed Ijyb
  2806 | D:4      | Killed Ijyb
  2915 | D:4      | Found a glowing drain.
  3017 | Sewer    | Entered a sewer
  3124 | Sewer    | Reached XP level 6. HP: 35/48 MP: 6/6
  3255 | D:4      | Found a broken altar of Ashenzari.
  3429 | D:4      | Reached skill level 5 in Axes
  3492 | D:5      | Entered Level 5 of the Dungeon
  3872 | D:4      | Found a radiant altar of Vehumet.
  4220 | D:4      | Noticed Robin
  4227 | D:4      | Killed Robin
  4486 | D:4      | Reached XP level 7. HP: 51/55 MP: 7/7
  5206 | D:5      | Noticed Blork the orc
  5214 | D:5      | Killed Blork the orc
  5223 | D:5      | Found a runed translucent door.
  5224 | D:5      | Noticed Crazy Yiuf
  5229 | D:5      | Killed Crazy Yiuf
  5230 | D:5      | Reached skill level 6 in Axes
  5246 | D:5      | Identified the +0 hammer of the Bouncing Suns {pain, Int+5}
  5403 | D:5      | Found an opulent altar of Gozag.
  5460 | D:5      | HP: 1/56 [orc warrior/+0 dire flail (9)]
  5736 | D:6      | HP: 1/56 [phantom (3)]
  5737 | D:6      | Slain by a phantom

Illustrated notes

Levels and vault maps discovered:
D:1:      heliophobic_arrival_henge, layout_loops_ring,
          ebering_ecumenical_altar_abandoned, minmay_statues_item,
          chequers_serial_rivers_large_b
D:2:      minmay_wonky_spiral, layout_basic, moated_statue, chequers_avenue
D:3:      minmay_diamond_boxcup, layout_loops_corners, kennysheep_slug_shrine
D:4:      kennysheep_goblin_castle, layout_gridville, fiery_altar_vehumet,
          mainiacjoe_overflow_tiny_flanked, gup_sewer_entry_glass, uniq_ijyb
D:5:      layout_rooms, nicolae_gozag_cash_rules_everything_around_me,
          uniq_crazy_yiuf_cottage, uniq_blork_the_orc
D:6:      cheibrodos_thug_alley, layout_cave_pools,
          lemuel_coloured_pillars_altar, old_standard_altar, marbit_many_paths,
          uniq_menkaure

Skill      XL: |  1  2  3  4  5  6  7 |
---------------+----------------------+-----
Throwing       | 2 |  2.1
Axes           | 3 4 5 6 |  6.0
Dodging        | 3 |  3.4
Armour         | 1 2 3 |  3.4
Fighting       | 3 4 |  4.8
Stealth        | |  0.2

Action                     |  1- 3 |  4- 6 |  7- 9 || total
---------------------------+-------+-------+-------++-------
  Melee: War axe           |   149 |   149 |    49 ||   347
         Punch             |     2 |     3 |     1 ||     6
         Mace              |       |       |    34 ||    34
    Use: Scroll            |     5 |     7 |     4 ||    16
         Potion            |     1 |     3 |     6 ||    10
   Stab: Sleeping          |     1 |       |       ||     1
 Armour: Leather armour    |    23 |       |       ||    23
         Scale mail        |    30 |    66 |       ||    96
         Chain mail        |       |    61 |    72 ||   133
  Dodge: Dodged            |   107 |   112 |    57 ||   276

Table legend: (Time is in decaauts)
 A = Elapsed time spent in this place.
 B = Non-inter-level travel time spent in this place.
 C = Inter-level travel time spent in this place.
 D = Time resting spent in this place.
 E = Time spent auto-exploring this place.
 F = Levels seen in this place.
 G = Mean time per level.
                   A        B        C        D        E       F      G
               +--------+--------+--------+--------+--------+-----+--------+
         Total |   6043 |   5842 |    201 |    775 |   3838 |   7 |  863.3 |
       Dungeon |   5798 |   5597 |    201 |    775 |   3642 |   6 |  966.3 |
         Sewer |    244 |    244 |      0 |      0 |    195 |   1 |  244.0 |
               +--------+--------+--------+--------+--------+-----+--------+

Top non-repeatable levels by time:
     D:4: 1421 daAuts
     D:5: 1401 daAuts
     D:3: 1271 daAuts
     D:1: 874 daAuts
     D:2: 785 daAuts
   Sewer: 244 daAuts
     D:6: 44 daAuts
